AoeStats
← MochiCochi

Arena

509769011Analyzed
2v2 RM · 6d ago on Sep 28, 2026· 49m 40s· 4 players
Game mode
Random Map
Map size
Medium (4 player)
Population
200
Speed
Normal
Resources
Standard
Victory
Conquest
Starting age
Dark Age
Ending age
Imperial Age
RankedLock teamsTeams togetherTeam positionsShared explorationLock speedFull tech treeHidden civsTurbo modeCheats
Victory
Defeat
🇦🇷 Varangians · Argentina
1178
+12
🇦🇷 Byzantines · Argentina
956
+20
🇦🇷 Bulgarians · Argentina
1094
-17
🇦🇷 Spanish · Argentina
1042
-17
SantiSICK7
6:48 Loom
7:18 Loom
9:22 Feudal Age
9:55 Double-Bit Axe
15:20 Castle Age
13:40 Horse Collar
15:20 Gold Mining
15:58 Bloodlines
21:00 Heavy Plow
27:23 Husbandry
34:07 Imperial Age
33:01 Bow Saw
32:42 Gold Mining
33:43 Scale Barding Armor
34:56 Cavalier
37:31 Forging
38:24 Pikeman
39:12 Light Cavalry
40:33 Wheelbarrow
40:16 Squires
40:37 Scale Mail Armor
42:07 Chain Mail Armor
44:08 Stone Mining
44:34 Hand Cart
44:05 Town Watch
45:33 Iron Casting
44:42 Hussar
45:46 Conscription
46:11 Crop Rotation
46:19 Stone Shaft Mining
47:44 Arson
47:21 Elite Varangian Guard
49:12 Town Patrol
50:22 Chain Barding Armor
MochiCochi
10:18 Feudal Age
15:30 Castle Age
14:44 Double-Bit Axe
15:52 Horse Collar
19:39 Bow Saw
19:32 Heavy Plow
21:58 Wheelbarrow
22:26 Gold Mining
22:52 Squires
23:00 Pikeman
29:23 Fletching
33:35 Imperial Age
31:34 Husbandry
32:30 Ballistics
31:52 Treadmill Crane
32:55 Loom
33:28 Hand Cart
32:58 Loom
33:01 Elite Skirmisher
33:47 Thumb Ring
35:03 Gold Shaft Mining
35:00 Conscription
35:03 Logistica
36:12 Elite Cataphract
38:06 Stone Mining
37:44 Halberdier
39:28 Crop Rotation
39:13 Scale Barding Armor
39:19 Forging
40:22 Chemistry
40:11 Heavy Camel Rider
43:00 Chain Barding Armor
42:42 Scale Mail Armor
44:46 Caravan
45:17 Coinage
44:58 Guilds
46:18 Bodkin Arrow
46:59 Plate Barding Armor
47:00 Iron Casting
48:46 Banking
49:33 Fortified Wall
diegoperezprofe
9:28 Loom
11:13 Feudal Age
18:09 Castle Age
16:34 Forging
23:24 Horse Collar
24:25 Double-Bit Axe
24:32 Gold Mining
29:23 Imperial Age
27:39 Scale Barding Armor
28:09 Iron Casting
27:49 Heavy Plow
28:48 Wheelbarrow
28:59 Bloodlines
29:56 Chain Barding Armor
30:08 Elite Konnik
32:33 Blast Furnace
32:08 Plate Barding Armor
32:38 Gold Shaft Mining
37:18 Pikeman
38:49 Scale Mail Armor
41:36 Crop Rotation
41:31 Chain Mail Armor
41:08 Gambesons
42:32 Stirrups
42:37 Bagains
43:41 Plate Mail Armor
Guido166
11:00 Feudal Age
11:24 Horse Collar
12:59 Loom
15:23 Castle Age
14:33 Fletching
14:44 Stone Mining
15:45 Double-Bit Axe
17:02 Stone Shaft Mining
17:27 Heavy Plow
21:12 Padded Archer Armor
27:14 Bodkin Arrow
32:22 Pikeman
35:18 Scale Mail Armor
43:00 Forging
42:56 Squires
43:23 Bow Saw
44:53 Iron Casting
45:23 Chain Mail Armor
48:20 Imperial Age
48:29 Halberdier
50:12 Blast Furnace
50:15 Wheelbarrow
50:08 Squires
Connection lost

Rejoining the realm…

Still unreachable

The connection could not be restored.

Session expired

The server has moved on; the page needs a fresh start.